 Dungeon Crawl Stone Soup version 0.15.2 (webtiles) character file.

56 theanonym the Slasher (level 3, -3/25 HPs)
             Began as a High Elf Death Knight on Dec 6, 2018.
             Was a Believer of Yredelemnul.
             Slain by a gnoll
             ... wielding a +0 flail
              (4 damage)
             ... on Level 2 of the Dungeon.
             The game lasted 00:01:59 (1553 turns).

theanonym the Slasher (High Elf Death Knight)       Turns: 1553, Time: 00:01:59

HP  -3/25        AC  6     Str 13      XL: 3   Next: 69%
MP   7/7         EV  8     Int 15      God: Yredelemnul [**....]
Gold 56          SH  0     Dex 14      Spells:  0 memorised,  2 levels left

rFire  . . .     SeeInvis .     a - +1 falchion
rCold  . . .     Clarity  .     h - +0 scale mail
rNeg   . . .     rCorr    .     (no shield)
rPois  .         rRot     .     (no helmet)
rElec  .         Spirit   .     (no cloak)
SustAb .         Warding  .     (no gloves)
rMut   .         Stasis   .     (no boots)
Gourm  .                        (no amulet)
MR     .....                    (no ring)
                                (no ring)

@: not resistant to hostile enchantments, extremely unstealthy
A: no striking features
a: Animate Remains, Recall Undead Slaves, Injury Mirror, Renounce Religion


   Skills:
 + Level 2.8 Fighting
 * Level 4.3 Long Blades
 - Level 0.8 Armour
 - Level 1.1 Dodging
 - Level 3.0 Invocations


You had 2 spell levels left.
You didn't know any spells.

Action                   || total
-------------------------++-------
Melee: Falchion          ||   115
Invok: Animate Remains   ||    11
 Stab: Distracted        ||     1
  Eat: Chunk             ||     2

Inventory:

Hand weapons
 a - a +1 falchion (weapon)
Armour
 b - a +0 leather armour
 h - a +0 scale mail (worn)
   (You found it on level 1 of the Dungeon)
Comestibles
 c - a bread ration
 f - a royal jelly
 g - a meat ration
Scrolls
 e - a scroll of enchant armour {unknown}
 k - a scroll of recharging {unknown}
 m - a scroll of fear {unknown}
 n - a scroll of noise {unknown}
 o - a scroll of identify {unknown}
 p - a scroll of fog {unknown}
Potions
 d - a potion of restore abilities {unknown}
 i - a potion of brilliance {unknown}
 j - a potion of curing {unknown}
 l - a potion of resistance {unknown}


You were on level 2 of the Dungeon.
You worshipped Yredelemnul.
Yredelemnul was pleased with you.
You were hungry.

You visited 1 branch of the dungeon, and saw 2 of its levels.

You collected 56 gold pieces.

Dungeon Overview and Level Annotations

Branches:
Dungeon (2/15)

Altars:

### ... # #.# #.
#.# . ... #.#.# #
#.#.##.# #.ggg..#
#@# . #Z# )....
##Z######......
#.Z.....#.....
#..####.#.....
#..>..........
#..#.#.....#.#
#..#.#..(..#.##
#............(#####


You could see 3 gnolls, a friendly giant mite zombie and 2 friendly kobold
zombies.

Notes
Turn   | Place    | Note
--------------------------------------------------------------
     0 | D:1      | theanonym, the High Elf Death Knight, began the quest for the Orb.
     0 | D:1      | Reached XP level 1. HP: 14/14 MP: 3/3
   142 | D:1      | HP: 7/14 [jackal (1)]
   146 | D:1      | Reached skill level 3 in Long Blades
   149 | D:1      | Reached XP level 2. HP: 8/19 MP: 2/4
   601 | D:1      | Acquired Yredelemnul's second power
   732 | D:1      | HP: 10/20 [hobgoblin (2)]
  1112 | D:1      | Reached XP level 3. HP: 25/25 MP: 7/7
  1121 | D:1      | DEFE: лол
  1130 | D:1      | DEFE: а что тебя убило?
  1130 | D:1      | theanonym: яд
  1227 | D:2      | HP: 12/25 [poisoned by a giant mite]
  1234 | D:2      | HP: 11/25 [poisoned by a giant mite]
  1242 | D:2      | HP: 9/25 [poisoned by a giant mite]
  1460 | D:2      | Reached skill level 4 in Long Blades
  1553 | D:2      | HP: 9/25 [gnoll (6)]
  1553 | D:2      | HP: 1/25 [gnoll/flail (8)]
  1553 | D:2      | Slain by a gnoll

Vanquished Creatures
  A giant mite (D:2)
  An inept item mimic (D:2)
  An ooze (D:1)
  2 hobgoblins
  4 kobolds
  9 bats
  A giant gecko (D:1)
  A giant newt (D:1)
  8 goblins
  3 jackals (D:1)
  5 rats
36 creatures vanquished.

Vanquished Creatures (collateral kills)
  A goblin (D:1)
  A hobgoblin (D:1)
  2 bats
4 creatures vanquished.

Vanquished Creatures (others)
  A bat zombie (D:1)
  A hobgoblin zombie (D:1)
2 creatures vanquished.

Grand Total: 42 creatures vanquished

Table legend:
 A = Turns spent in this place as a percentage of turns spent in the entire game.
 B = Non-inter-level travel turns spent in this place as a percentage of non-inter-level travel turns spent in the entire game.
 C = Inter-level travel turns spent in this place as a percentage of turns spent in this place.
 D = Turns resting spent in this place as a percentage of non-inter-level travel turns spent in this place.
 E = Turns spent auto-exploring this place as a percentage of non-inter-level travel turns spent in this place.
 F = Non-inter-level travel turns spent in this place divided by the number of levels of this place that you've seen.
                   A       B       C       D       E      F
               +-------+-------+-------+-------+-------+----------------------
         Total | 100.0 | 100.0 |   0.7 |   4.6 |  14.0 | 229.0
       Dungeon | 100.0 | 100.0 |   0.7 |   4.6 |  14.0 | 229.0
               +-------+-------+-------+-------+-------+----------------------
